Map: Rifts to Korhal

Players

wasp

  • Race: Protoss Protoss
  • Spawn Location: 7:00

NamroodTuo

  • Race: Zerg Zerg

VOD

Have the link to the VOD?

Description

Time

  • Played on: March 25, 2023, 4:50 p.m.
  • Length: 24:30
Show
View Real Time Build Order
Export as new Build Order

wasp Protoss 

Build Orders:  

Get SALT Encoding   

  12  0:11  Probe (Chrono Boost)  
  13  0:25  Probe (Chrono Boost)  
  14  0:38  Probe (Chrono Boost)  
  15  0:52  Probe (Chrono Boost)  
  16  1:07  Pylon  
  16  1:13  Pylon  
  16  1:22  Pylon  
  16  1:29  Pylon  
  16  1:33  Probe (Chrono Boost)  
  16  1:36  Pylon  
  17  1:47  Probe (Chrono Boost)  
  18  1:55  Gateway  
  18  2:11  Gateway  
  18  2:18  Probe (Chrono Boost)  
  19  2:32  Probe (Chrono Boost)  
  20  2:45  Probe (Chrono Boost)  
  21  3:16  Zealot  
  23  4:20  Gateway  
  23  4:36  Gateway  
  23  4:44  Assimilator  
  23  4:48  Probe (Chrono Boost)  
  24  4:52  Assimilator  
  24  5:07  Probe (Chrono Boost)  
  25  5:21  Probe (Chrono Boost)  
  25  5:28  Cybernetics Core  
  26  5:35  Probe (Chrono Boost)  
  27  5:58  Probe (Chrono Boost)  
  28  6:11  Probe (Chrono Boost)  
  29  6:25  Probe (Chrono Boost)  
  30  6:37  Dragoon x2  
  34  6:40  Dragoon  
  34  6:46  Zealot x5  
  34  6:47  Zealot x2  
  34  6:48  Zealot  
  34  6:49  Zealot  
  54  7:38  Stargate  
  54  8:09  Forge  
  54  8:53  Dragoon x3  
  54  8:54  Dragoon x3  
  54  8:56  Dragoon  
  68  9:04  Zealot x3  
  68  9:05  Zealot x2  
  28  11:43  Dragoon x3  
  28  11:44  Dragoon x3  
  28  11:45  Dragoon x3  
  28  11:46  Dragoon x2  
  28  11:47  Dragoon  
  52  12:49  Nexus  
  52  12:57  Probe (Chrono Boost)  
  53  13:11  Probe (Chrono Boost)  
  54  13:24  Probe (Chrono Boost)  
  55  13:31  Dragoon x2  
  55  13:32  Dragoon x3  
  55  13:33  Dragoon x3  
  55  13:34  Dragoon x2  
  55  13:38  Probe (Chrono Boost)  
  76  13:52  Probe (Chrono Boost)  
  65  14:58  Dragoon x2  
  65  14:59  Dragoon x3  
  75  15:00  Dragoon  
  77  15:30  Probe (Chrono Boost)  
  78  15:44  Probe (Chrono Boost), Assimilator  
  79  15:51  Assimilator  
  79  15:58  Probe (Chrono Boost)  
  80  16:11  Probe (Chrono Boost)  
  81  16:20  Dragoon x4  
  81  16:21  Dragoon x3  
  81  16:25  Probe (Chrono Boost)  
  81  16:28  Zealot x2  
  81  16:29  Zealot x3  
  106  17:16  Probe (Chrono Boost)  
  105  17:30  Probe (Chrono Boost)  
  105  17:33  Dragoon x3  
  105  17:34  Dragoon x2  
  105  17:35  Dragoon  
  105  17:36  Dragoon x2  
  122  17:43  Probe (Chrono Boost)  
  123  17:57  Probe (Chrono Boost)  
  124  18:11  Probe (Chrono Boost)  
  123  19:50  Dragoon x2  
  123  19:51  Dragoon x3  
  123  19:52  Dragoon x3  
  123  19:53  Dragoon x3  
  123  19:54  Dragoon  
  143  21:59  Dragoon x2  
  147  22:00  Dragoon x3  
  147  22:01  Dragoon x3  
  147  22:02  Dragoon x2  
  147  22:03  Dragoon x2  
  109  23:59  Dragoon  
  93  24:00  Dragoon x4  
  93  24:01  Dragoon x3  
  93  24:02  Dragoon  
  93  24:03  Dragoon x2  
  93  24:04  Dragoon  
Show
View Real Time Build Order
Export as new Build Order

NamroodTuo Zerg 

Build Orders:  

Get SALT Encoding   

  12  0:12  Overlord  
  12  0:18  Infested SCV  
  13  0:26  Infested SCV  
  14  0:32  Infested SCV  
  15  0:49  Infested Barracks  
  15  0:56  Infested SCV  
  16  1:01  Infested SCV  
  16  1:06  Infested SCV  
  18  1:24  Infested SCV  
  19  1:38  Infested SCV  
  20  1:53  Infestation Level 1, Infested Refinery  
  20  1:58  Infested SCV  
  21  2:09  Infested Refinery  
  21  2:15  Overlord  
  21  2:48  Infested Marine x3  
  21  2:49  Infested Marine x5  
  29  2:50  Infested Marine x2  
  31  3:27  Overlord x2  
  31  3:37  Infested Barracks Tech Lab  
  31  3:53  Infested SCV  
  31  3:54  Infested SCV  
  31  3:55  Infested SCV x2  
  35  4:02  Infested Engineering Bay  
  35  4:08  Infested Factory  
  35  4:11  Infested SCV  
  36  4:23  Infested SCV  
  27  4:34  Retinal Augmentation  
  27  4:56  Infested SCV  
  28  5:07  Infested Command Center  
  28  5:12  Infested Armory  
  28  5:14  Regenerative Plating  
  28  5:28  Infested SCV x2  
  28  5:29  Infested SCV  
  31  5:55  Infested Marine  
  31  5:56  Infested Marine x15  
  45  6:13  Infestation Level 2  
  42  6:35  Infested SCV  
  42  6:39  Infested SCV  
  46  6:43  Infested Bunker  
  46  6:47  Overlord  
  46  6:56  Infested SCV x2  
  47  7:01  Infested SCV  
  48  7:14  Infested SCV  
  49  7:37  Infested Bunker  
  45  8:04  Infested Bunker  
  49  8:11  Overlord  
  49  8:12  Anaerobic Enhancement  
  49  8:18  Stukov Infantry Weapons Level 1  
  49  8:28  Infested SCV x2  
  49  8:29  Infested SCV x3  
  54  8:42  Infested Marine  
  54  8:43  Infested Marine x5  
  54  8:44  Infested Marine x4  
  54  8:45  Infested Marine x4  
  54  8:46  Infested Marine x2  
  70  9:03  Infested Barracks  
  70  9:08  Infested SCV x2  
  72  9:17  Infested SCV  
  73  9:21  Overlord  
  73  9:22  Overlord x3  
  72  9:33  Infested SCV  
  72  9:36  Aggressive Incubation  
  58  10:18  Infested SCV  
  58  10:19  Infested SCV  
  60  10:20  Infested SCV, Broodling Gestation  
  60  10:24  Overlord x2  
  61  10:40  Unknown  
  61  10:49  Infested Bunker  
  65  10:58  Calcified Armor  
  65  11:11  Infested Marine  
  65  11:12  Infested Marine x13  
  65  11:19  Infested Colonist Compound  
  79  11:31  Infested Refinery  
  79  11:36  Infested Refinery  
  79  11:40  Overlord, Infested SCV  
  79  11:41  Overlord, Infested SCV  
  79  11:42  Infested SCV  
  76  11:50  Infestation Level 3  
  76  11:58  Stukov Infantry Armor Level 1  
  76  11:59  Infested Bunker  
  72  12:29  Infested Diamondback  
  75  12:30  Infested Diamondback x4  
  75  12:37  Overseer x3  
  91  13:00  Infested Bunker  
  91  13:09  Infested Marine  
  92  13:10  Infested Marine x16  
  92  13:11  Infested Marine x18  
  115  13:53  Infested Marine  
  115  13:54  Infested Marine x7  
  115  13:55  Infested Marine x11  
  124  14:10  Infested Marine  
  124  14:11  Infested Marine x4  
  124  14:12  Infested Diamondback  
  124  14:13  Infested Diamondback x3  
  131  14:37  Stukov Infantry Weapons Level 2  
  131  14:46  Infested Bunker  
  131  14:49  Infested SCV x4  
  135  14:50  Infested SCV  
  134  15:25  Infested Bunker  
  137  15:35  Infested Bunker  
  137  15:39  Infested Bunker  
  124  16:15  Infested Bunker  
  132  16:32  Infested Bunker  
  136  16:41  Infested Bunker  
  136  16:51  Plagued Munitions  
  140  17:25  Overlord  
  140  17:27  Infested Bunker  
  140  17:30  Overlord x5  
  140  17:47  Stukov Infantry Armor Level 2  
  140  18:02  Infested Marine  
  140  18:03  Infested Marine x20  
  161  18:16  Infested Bunker  
  165  18:45  Infested Bunker  
  173  18:52  Infested Bunker  
  160  19:50  Infested Bunker  
  160  19:55  Infested Bunker  
  164  20:02  Infested Missile Turret  
  164  20:37  Infested Bunker  
  164  20:44  Infested Bunker  
  172  20:50  Infested Missile Turret  
  172  20:51  Infested Bunker  
  151  21:21  Infested Missile Turret  
  151  21:24  Infested Missile Turret  
  155  21:31  Infested Bunker  
  155  21:52  Infested Missile Turret  
  159  22:00  Infested Bunker  
  163  22:19  Infested Missile Turret  
  163  22:53  Infested Diamondback x3  
  163  22:54  Infested Diamondback x2  
  178  23:00  Infested Bunker  
  182  23:21  Infested Bunker  
  182  23:48  Infested Missile Turret  
  182  23:55  Infested Marine  
  182  23:56  Infested Marine x7  
  190  24:00  Overlord x2  
  190  24:01  Overlord x4  
  190  24:02  Overlord x3  
Tags
 
Commander
ArtanisStukov
Matchup
Co-op
Replay Pack
Multiplayer
Add a new tag
Caveats
  • Supply blocks, unpowered buildings, or Contaminate may cause inaccurate times.
  • Supply counts are checked every 10 seconds.